[Event "22nd Rochefort Festival Masters 2024"]
[Site "Rochefort"]
[Date "2024.02.21"]
[Round "7.3"]
[White "Laurent-Paoli, Pierre"]
[Black "Filip, Lucian-Ioan"]
[Result "0-1"]
[ECO "B43"]
[WhiteElo "2529"]
[BlackElo "2369"]
[Annotator "RC"]
[PlyCount "98"]
[EventDate "2024.02.18"]
[EventType "swiss"]
[EventCountry "FRA"]
[SourceTitle "playchess.com"]
[Source "ChessBase"]
[SourceQuality "1"]
[TimeControl "40/5400+30:1800+30"]

1. e4 c5 2. Nf3 e6 3. d4 cxd4 4. Nxd4 a6 5. Be2 Nf6 6. Nc3 Qc7 7. f4 Bb4 8. e5 Ne4 9. O-O Nxc3 10. bxc3 Bxc3 11. Rb1 Nc6 12. Nxc6 dxc6 13. Qd3 Ba5 14. Qg3 O-O 15. Rb3 Bb6+ 16. Kh1 Bc5 17. Qh4 Be7 18. Qh5 g6 19. Rg3 Rd8 20. Bd3 Rxd3 21. cxd3 c5 22. Bb2 Bf8 23. Qh4 Be7 24. Qg4 Qd8 25. Rh3 Qd5 26. f5 exf5 27. Qf4 g5 28. Rg3 Kf8 29. Rxg5 Bxg5 30. Qxg5 Be6 31. Bc1 Rc8 32. d4 Ke8 33. dxc5 Rxc5 34. h3 Qd3 35. Rg1 Bd5 36. Kh2 Rc2 37. Bf4 Qe4 38. a3 Kd7 39. e6+ fxe6 40. Qg7+ Kc6 41. Qc7+ Kb5 42. a4+ Kxa4 43. Ra1+ Ba2 44. Qd7+ b5 45. Rxa2+ Rxa2 46. Qd1+ Qc2 47. Qd4+ b4 48. Qd7+ Ka3 49. Qb7 Qxg2+ 0-1

[Event "22nd Rochefort Festival Masters 2024"]
[Site "Rochefort"]
[Date "2024.02.21"]
[Round "7.4"]
[White "Roshka, Yevgeniy"]
[Black "Boyer, Mahel"]
[Result "1/2-1/2"]
[ECO "D30"]
[WhiteElo "2474"]
[BlackElo "2428"]
[Annotator "TA"]
[PlyCount "146"]
[EventDate "2024.02.18"]
[EventType "swiss"]
[EventCountry "FRA"]
[SourceTitle "playchess.com"]
[Source "ChessBase"]
[SourceQuality "1"]
[TimeControl "40/5400+30:1800+30"]

1. Nf3 d5 2. d4 e6 3. c4 a6 4. Nbd2 Nf6 5. g3 c5 6. Bg2 Nc6 7. O-O h6 8. a3 a5 9. h3 a4 10. cxd5 exd5 11. dxc5 Bxc5 12. b4 axb3 13. Nxb3 Bb6 14. Qd3 O-O 15. Be3 Bxe3 16. Qxe3 Re8 17. Qd3 Ne4 18. Nbd4 Na5 19. Nd2 Qf6 20. Qb5 Bxh3 21. Nxe4 dxe4 22. Bxh3 Qxd4 23. Rfd1 Qf6 24. Rac1 e3 25. f4 Nc6 26. Bd7 Qg6 (26... Nd4 $2 27. Rxd4 (27. Qxb7 $2 Nxe2+ 28. Kh2 Qg6 $19) 27... Qxd4 28. Bxe8 $18) 27. Kg2 Qe4+ 28. Kg1 Qg6 (28... Nd4 $2 29. Rxd4 Qxd4 30. Bxe8 $18) 29. Kg2 Qe4+ 30. Kg1 Re7 (30... Nd4 $2 31. Rxd4 Qxd4 32. Bxe8 $18) 31. Qxb7 Nd4 (31... Rxa3 $2 32. Qc8+ $18 (32. Qxc6 Qxc6 33. Bxc6 Ra5 $18) (32. Rxc6 Kh7 $18) (32. Bxc6 Qe6 $18) (32. Qxc6 Qxc6 33. Bxc6 Ra2 $18) (32. Rxc6 Kh7 $18) (32. Bxc6 Qe6 $18)) 32. Qxe4 Nxe2+ (32... Rxe4 33. Kf1 $14) 33. Kg2 Rxe4 34. Bc6 Rc8 (34... Rxa3 35. Rd8+ (35. Bxe4 g5 $18) (35. Bxe4 g5 $18)) 35. Bxe4 Nxc1 ({Inferior is} 35... Rxc1 36. Rd8#) 36. a4 e2 37. Re1 Rc4 38. Bf3 g6 39. a5 Nb3 {[%emt 0:01:00] [#]} (39... Nd3 $11 40. Rxe2 Ra4) 40. Bd5 $1 $16 ({But not} 40. Rxe2 Nxa5 41. Re8+ Kg7 $15) (40. Bxe2 Ra4 $11) 40... Nxa5 41. Bxc4 Nxc4 42. Rxe2 ({Much weaker is} 42. Kf2 h5 $11) 42... h5 {[%emt 0:00:11] [#]} 43. f5 (43. Kf3 $1 $16) 43... Kg7 $11 44. Kf3 Nd6 45. fxg6 Kxg6 46. Rd2 Nf5 47. Rd8 f6 48. Kf4 Ng7 49. Ke4 Nf5 50. Rd3 Ne7 51. Ra3 Nf5 52. Rc3 Ne7 53. Rc5 Ng8 54. Kd5 Kf5 55. Kd6+ Kg4 56. Ke6 Nh6 57. Rc3 f5 58. Kf6 f4 59. gxf4 Kxf4 (59... h4 $5) 60. Kg6 Ng4 61. Rc4+ Ke5 62. Kxh5 Ne3 63. Rc8 Nf5 64. Re8+ Kd5 65. Kg5 Nd6 66. Re1 Nb5 67. Kf4 Nd6 68. Re5+ Kd4 69. Ra5 Nc4 70. Ra1 Kd5 71. Rd1+ Ke6 72. Ke4 Nd6+ 73. Rxd6+ Kxd6 1/2-1/2

[Event "22nd Rochefort Festival Masters 2024"]
[Site "Rochefort"]
[Date "2024.02.21"]
[Round "7.5"]
[White "Larkin, Vladyslav"]
[Black "Favarel, Julien"]
[Result "1/2-1/2"]
[ECO "A45"]
[WhiteElo "2484"]
[BlackElo "2312"]
[Annotator "TA"]
[PlyCount "108"]
[EventDate "2024.02.18"]
[EventType "swiss"]
[EventCountry "FRA"]
[SourceTitle "playchess.com"]
[Source "ChessBase"]
[SourceQuality "1"]
[TimeControl "40/5400+30:1800+30"]

1. d4 Nf6 2. Bf4 g6 3. e3 Bg7 4. h3 O-O 5. Nd2 c5 6. c3 {[%emt 0:00:30] A45: Trompowsky Attack.} b6 7. a4 Nc6 8. Ngf3 Bb7 9. Bh2 d6 10. Be2 cxd4 $146 ({Predecessor:} 10... e5 11. dxc5 bxc5 12. Nc4 e4 13. Nfd2 d5 14. Nd6 Rb8 15. Bb5 Ba8 16. O-O Qe7 17. Bxc6 Bxc6 {½-½ Mitkov,N (2535)-Nestorovic,N (2424) FRM-chT Struga 2007 (4)}) 11. exd4 e5 12. dxe5 dxe5 13. Nc4 e4 14. Nfd2 Ne7 15. a5 Nf5 16. a6 Bd5 17. Nf1 Bxc4 18. Bxc4 Qc8 19. Qe2 $1 Bh6 20. Ne3 Bxe3 21. fxe3 Nh5 {[%emt 0:01:00] [#]} (21... Qc5 $15) 22. Kf2 $1 $16 Qd8 23. Rhe1 Qh4+ 24. Kg1 Rad8 25. Bb5 Nhg3 26. Qf2 (26. Bxg3 {simplifies} Qxg3 27. Bc6 Qe5 28. Ra4) 26... Rd6 27. Rad1 Rfd8 $1 28. Rxd6 Rxd6 29. Bc4 h5 30. Bb3 Qg5 31. Bxg3 Qxg3 32. Qxg3 Nxg3 33. Rd1 Rxd1+ 34. Bxd1 Kf8 35. Bb3 (35. Bc2 $11) 35... Ke7 $15 36. Bd5 h4 37. Kf2 f5 38. b4 {[%emt 0:01:17] [#]} Kd6 (38... Nh5 $1 $17 39. Bb7 Kd6) 39. Bf7 $11 g5 40. c4 Nh1+ 41. Kg1 Ng3 42. Kf2 Kd7 43. Bg6 f4 44. Bh7 Kd6 45. Bg6 Kc7 46. Bh7 Kd7 47. Bg6 Kd6 48. Bh7 Ke5 49. c5 b5 (49... bxc5 $2 50. b5 (50. exf4+ Kd6 $18) 50... fxe3+ 51. Kxe3 $18) 50. Bg6 Nf5 51. Bxf5 Kxf5 52. Ke2 (52. c6 Ke6 53. Ke2 Kd6 54. exf4 gxf4 55. c7 Kxc7 56. Kd1 Kd6 (56... Kb6 {gets mated.} 57. Ke2 Kc6 58. Kd2 Kd5 59. Kc3 Ke5 60. Kd2 Kd4 61. Ke2 Kc3 62. Ke1 Kd3 63. Kf1 Ke3 64. Ke1 f3 65. gxf3 exf3 66. Kf1 f2 67. Kg2 Ke2 68. Kh1 f1=Q+ 69. Kh2 Qa1 70. Kg2 Qg7+ 71. Kh2 Kf3 72. Kh1 Qg2#) 57. Ke1 Ke5 58. Kf2 Kd4 59. Ke2 Kc3 60. Ke1 Kd3 (60... Kxb4 61. g4 fxg3 62. Ke2 Kc3 63. Ke3 b4 64. Kf4 g2 65. Kg4 g1=Q+ 66. Kf5 e3 67. Kf4 e2 68. Kf5 e1=Q 69. Kf6 Qc5 70. Kg6 Qee7 71. Kh6 Qcg5#) 61. Kf2 Kd2 62. g4 fxg3+ (62... e3+ 63. Kf3 e2 64. g5 e1=Q 65. Kxf4 Qe3+ 66. Kf5 Qxh3+ 67. Kf6 Qg3 68. Kg7 h3 69. Kh6 h2 70. Kg7 Qxg5+ 71. Kf7 h1=Q 72. Ke8 Qh7 73. Kf8 Qhg8#) 63. Kg2 e3 64. Kf3 e2 65. Kf4 e1=Q (65... e1=R 66. Kg4 g2 67. Kf5 g1=Q 68. Kf6 Qf2+ 69. Kg5 Rg1+ 70. Kh5 Qf7+ 71. Kxh4 Qh7#) (65... g2 66. Kg5 e1=Q 67. Kf5 Qe7 68. Kg4 g1=Q+ 69. Kf4 Qgg5+ 70. Kf3 Qg3#) 66. Kg5 g2 67. Kf4 Qe6 (67... g1=R 68. Kf5 Qe7 69. Kf4 Rg5 70. Kf3 Qe3#) 68. Kg5 g1=Q+ (68... g1=R+ $2 69. Kf4 Kd3 70. Kf3 Qf7#) 69. Kh5 Qgg6+ 70. Kxh4 Qef6#) 52... Ke5 53. Kf2 Kd5 54. Ke2 Ke5 ({Wrong is} 54... Kc4 $2 55. c6 Kxb4 56. c7 $18) 1/2-1/2

[Event "22nd Rochefort Festival Masters 2024"]
[Site "Rochefort"]
[Date "2024.02.22"]
[Round "8.1"]
[White "Sivuk, Vitaly"]
[Black "Romanov, Evgeny"]
[Result "1-0"]
[ECO "D35"]
[WhiteElo "2502"]
[BlackElo "2578"]
[Annotator "TA"]
[PlyCount "75"]
[EventDate "2024.02.18"]
[EventType "swiss"]
[EventCountry "FRA"]
[SourceTitle "playchess.com"]
[Source "ChessBase"]
[SourceQuality "1"]
[TimeControl "40/5400+30:1800+30"]

1. d4 Nf6 2. c4 e6 3. Nc3 d5 4. cxd5 exd5 5. Bg5 Be7 6. e3 O-O 7. Bd3 Re8 8. Nf3 h6 9. Bf4 c5 10. dxc5 {[%emt 0:00:30] White has an edge.} Bxc5 11. O-O Nc6 12. h3 a6 13. Rc1 Ba7 14. Ne2 Bd7 15. Qb3 b5 16. Ned4 {[%emt 0:00:30] White is more active.} Rc8 17. Nxc6 Bxc6 18. Bf5 Bd7 19. Rxc8 Qxc8 20. Bxd7 Qxd7 21. Rd1 Rd8 22. Be5 Ne4 23. Rc1 Bc5 24. Qc2 Qe6 25. a3 (25. Bd4 $5 Bxd4 26. Nxd4 $14) 25... g5 26. b4 Bf8 27. Qc6 Qf5 28. Rc2 {[%emt 0:00:30] Black is weak on the dark squares} Nd6 29. Bxd6 $1 Rxd6 30. Qc8 Qd3 (30... Qxc8 $16 31. Rxc8 f5) 31. Nd4 (31. Ne5 $142 Qh7 32. Rc7) 31... Rf6 $2 (31... Qxa3 {keeps fighting.} 32. Qe8 Re6 33. Nxe6 Qa1+ 34. Kh2 Qe5+ 35. g3 Qxe6 36. Qxe6 (36. Rc8 Qxe8 37. Rxe8 Kg7 $18) 36... fxe6) 32. Qd8 $18 {[%emt 0:00:30][%csl LRd5,LRf6] White wants to mate with Rc8.} Kg7 {[%emt 0:00:30] [#]} 33. g4 $2 $40 {[%emt 0:00:30][%mdl 128] White is out for blood.} (33. Qxd5 Qxa3 34. Nf5+ Kg8 $16 (34... Kg6 $2 35. g4 $18)) (33. Rc8 $1 $18 Qb1+ (33... Qd1+ $2 34. Kh2 $18) 34. Kh2 Bd6+ 35. f4) 33... Qxa3 $2 {[%emt 0:00:30][%mdl 8192] Loses the game.} (33... Bd6 $16) 34. Rc8 ({Weaker is} 34. Qxd5 Qxb4 35. Nf5+ Kg8 $18) 34... Qxb4 {[%emt 0:00:00] ( -> ...Qe1+)} 35. Nf5+ (35. Qxd5 {gets mated.} Qe1+ 36. Kh2 Rxf2+ (36... Qxf2+ 37. Qg2 Bd6+ 38. Kh1 Qe1+ 39. Qg1 Rf1 40. Kg2 Rxg1+ 41. Kf3 Qg3+ 42. Ke4 Qe5+ 43. Kd3 Rd1+ 44. Ke2 Rxd4 45. Rg8+ Kxg8 46. h4 Qh2+ 47. Kf3 Qg3+ 48. Ke2 Qg2+ 49. Ke1 Bg3#) 37. Kg3 Qg1+) 35... Rxf5 $2 (35... Kg6 36. Qxf8 Qxf8 37. Rxf8 Kh7) 36. gxf5 a5 37. f6+ Kg8 38. Qe7 {[%emt 0:02:00] Weighted Error Value: White=0.22 (precise) /Black=0.78.  Loses game:     	---       	Black=2      Missed win:     	White=1     	---        Mistake:       	White=1     	Black=2      Inaccurate:     	---       	Black=2      OK:         	White=12    	Black=7      Best:        	White=2     	Black=2      Strong:       	White=1     	---} 1-0

[Event "22nd Rochefort Festival Masters 2024"]
[Site "Rochefort"]
[Date "2024.02.22"]
[Round "8.2"]
[White "Boyer, Mahel"]
[Black "Droin, Augustin"]
[Result "0-1"]
[ECO "B29"]
[WhiteElo "2428"]
[BlackElo "2471"]
[Annotator "RC"]
[PlyCount "98"]
[EventDate "2024.02.18"]
[EventType "swiss"]
[EventCountry "FRA"]
[SourceTitle "playchess.com"]
[Source "ChessBase"]
[SourceQuality "1"]
[TimeControl "40/5400+30:1800+30"]

1. e4 c5 2. Nf3 Nf6 3. e5 Nd5 4. g3 Nc6 5. Bg2 d6 6. exd6 Qxd6 7. O-O Bg4 8. h3 Bh5 9. d4 O-O-O 10. Na3 cxd4 11. g4 Bg6 12. Nxd4 Nc7 13. Nxc6 Qxd1 14. Nxa7+ Kb8 15. Bf4 Qxf1+ 16. Rxf1 e5 17. Bxe5 Bd6 18. Bxd6 Rxd6 19. N7b5 Nxb5 20. Nxb5 Rb6 21. c4 Bd3 22. Rc1 Rc8 23. Nc3 Rxb2 24. Bd5 f6 25. Ne4 Bxe4 26. Bxe4 h6 27. Bd5 Rxa2 28. Re1 Rb2 29. Re6 Rc7 30. Kg2 Rd7 31. Kg3 Kc7 32. f3 Rb6 33. Re8 Kd6 34. Kf4 Kc5 35. Kf5 Rbd6 36. Rb8 Rxd5+ 37. cxd5 Kxd5 38. h4 Rc7 39. f4 Kc4 40. g5 fxg5 41. fxg5 hxg5 42. hxg5 b5 43. Re8 b4 44. Re1 Rb7 45. Re4+ Kd3 46. Rh4 b3 47. Kg6 b2 48. Rh1 Kc2 49. Rh2+ Kb3 0-1

[Event "22nd Rochefort Festival Masters 2024"]
[Site "Rochefort"]
[Date "2024.02.22"]
[Round "8.3"]
[White "Filip, Lucian-Ioan"]
[Black "Eugene, Floryan"]
[Result "0-1"]
[ECO "A90"]
[WhiteElo "2369"]
[BlackElo "2398"]
[Annotator "RC"]
[PlyCount "134"]
[EventDate "2024.02.18"]
[EventType "swiss"]
[EventCountry "FRA"]
[SourceTitle "playchess.com"]
[Source "ChessBase"]
[SourceQuality "1"]
[TimeControl "40/5400+30:1800+30"]

1. d4 f5 2. g3 Nf6 3. Bg2 e6 4. Nf3 d5 5. O-O Bd6 6. c4 c6 7. b3 Qe7 8. Bb2 O-O 9. Nbd2 Bd7 10. Ne5 Be8 11. Ndf3 Nbd7 12. Nd3 Ne4 13. c5 Bc7 14. b4 g5 15. Nfe5 Nef6 16. Qd2 Qg7 17. f3 Nxe5 18. dxe5 Nd7 19. f4 Bd8 20. Bd4 Rf7 21. a4 Nf8 22. Ne1 h5 23. Nf3 g4 24. Ne1 h4 25. Rf2 Qh6 26. Bf1 Rh7 27. Rg2 Ng6 28. e3 a5 29. Kf2 axb4 30. Qxb4 Ba5 31. Qb3 Rb8 32. Bc3 Bd8 33. a5 Qf8 34. Bd4 Ra8 35. a6 bxa6 36. Rxa6 Rxa6 37. Bxa6 Ra7 38. Bf1 h3 39. Rg1 Qe7 40. Nd3 Rb7 41. Qa2 Rb5 42. Be2 Qb7 43. Ra1 Ra5 44. Qc2 Rxa1 45. Bxa1 Bd7 46. Qa4 Be7 47. Qa2 Bc8 48. Bd4 Nf8 49. Qa5 Qb1 50. Qe1 Qxe1+ 51. Kxe1 Nd7 52. Nb4 Bb7 53. Ba6 Bxa6 54. Nxa6 Bd8 55. Bc3 Kf7 56. Ke2 Ke8 57. Bb4 Be7 58. Nc7+ Kf7 59. Na6 Bf8 60. Kd3 Ke8 61. Nc7+ Ke7 62. Kd4 Nb8 63. Na8 Na6 64. Ba5 Kf7 65. Bb6 Be7 66. Nc7 Nxc7 67. Bxc7 Bh4 0-1

[Event "22nd Rochefort Festival Masters 2024"]
[Site "Rochefort"]
[Date "2024.02.22"]
[Round "8.4"]
[White "Laurent-Paoli, Pierre"]
[Black "Mullon, Jean-Baptiste"]
[Result "1/2-1/2"]
[ECO "D17"]
[WhiteElo "2529"]
[BlackElo "2305"]
[Annotator "TA"]
[PlyCount "155"]
[EventDate "2024.02.18"]
[EventType "swiss"]
[EventCountry "FRA"]
[SourceTitle "playchess.com"]
[Source "ChessBase"]
[SourceQuality "1"]
[TimeControl "40/5400+30:1800+30"]

1. d4 d5 2. c4 c6 3. Nf3 Nf6 4. Nc3 dxc4 5. a4 Bf5 6. Ne5 Nbd7 7. Nxc4 Qc7 8. g3 e5 9. dxe5 Nxe5 10. Bf4 Nfd7 11. Bg2 g5 12. Nxe5 gxf4 13. Nxd7 Bxd7 14. Qd4 Rg8 15. Bf3 Bg7 16. Qxf4 Qxf4 17. gxf4 Be6 18. a5 O-O-O 19. a6 Bxc3+ 20. bxc3 Bd5 21. Bxd5 Rxd5 22. axb7+ Kxb7 23. e3 a5 24. Ke2 Rgd8 (24... Rb5 $142) 25. Rhg1 $16 R8d7 26. Rg7 h6 27. Rh7 Kb6 (27... Rh5 {was worth a try.} 28. Kf3 Rxh2) 28. Rxh6 $18 Rd2+ 29. Kf3 Rc2 30. Rb1+ Kc7 31. Rh5 Rdd2 32. Rxa5 Rxf2+ 33. Ke4 Rxc3 34. Kd4 ({Better is} 34. h4 $18) 34... Rfc2 $16 35. Ra7+ Kd6 36. Rxf7 Rc4+ 37. Kd3 R4c3+ (37... R2c3+ $16 {was necessary.} 38. Kd2 Rc2+ 39. Kd3 R2c3+ 40. Kd2 Rc2+ 41. Kd3) 38. Ke4 $18 Re2 39. Rd1+ $2 ({White should play} 39. Kf5 $18 {e4 is the strong threat.} Rcxe3 40. Rd1+ Kc5 41. h4) 39... Ke6 $11 40. Rd3 Rc4+ 41. Kf3 Rxe3+ 42. Rxe3+ Kxf7 43. Kg4 Kf6 44. h4 Rc1 45. h5 Rg1+ 46. Rg3 Rh1 47. Rc3 Rg1+ 48. Kf3 Rf1+ 49. Kg3 Rg1+ $1 50. Kf2 Ra1 51. Rc5 Ra3 52. Kg2 Rd3 53. Rg5 Ra3 54. Rc5 Rb3 55. Rg5 Ra3 56. Rg3 Ra1 57. Kf3 Rf1+ 58. Kg4 Rh1 59. Rg2 Ra1 60. Rc2 Rg1+ 61. Kf3 Rf1+ 62. Kg3 Rg1+ 63. Kh2 Ra1 64. Rc5 Ra3 65. Kg2 Rb3 66. h6 Kg6 67. Rxc6+ Kh7 68. f5 Ra3 69. Rg6 Ra5 70. Rf6 Ra3 71. Re6 Ra5 72. f6 Kxh6 73. f7+ Kg7 74. Rf6 Kf8 (74... Kxf6 75. f8=Q+ (75. f8=B Rg5+ 76. Kf3 Ke6 $11) 75... Kg6 76. Qe8+ Kg7 77. Kf3 Rf5+ 78. Kg4 Rf1 79. Qe5+ Kg8 80. Qd5+ Kg7 81. Kg5) 75. Kg3 Ra7 76. Kf4 Rxf7 77. Rxf7+ Kxf7 78. Ke4 1/2-1/2

[Event "22nd Rochefort Festival Masters 2024"]
[Site "Rochefort"]
[Date "2024.02.22"]
[Round "8.5"]
[White "Mekhane, Adam"]
[Black "Roshka, Yevgeniy"]
[Result "0-1"]
[ECO "B66"]
[WhiteElo "2280"]
[BlackElo "2474"]
[Annotator "RC"]
[PlyCount "130"]
[EventDate "2024.02.18"]
[EventType "swiss"]
[EventCountry "FRA"]
[SourceTitle "playchess.com"]
[Source "ChessBase"]
[SourceQuality "1"]
[TimeControl "40/5400+30:1800+30"]

1. e4 c5 2. Nf3 d6 3. d4 cxd4 4. Nxd4 Nf6 5. Nc3 Nc6 6. Bg5 e6 7. Qd2 a6 8. Nxc6 bxc6 9. O-O-O Be7 10. Bxf6 gxf6 11. Bc4 Bb7 12. Qe3 Qa5 13. Kb1 O-O-O 14. a3 Rhg8 15. g3 d5 16. Bb3 Qc5 17. Qf3 dxe4 18. Qxe4 f5 19. Bxe6+ fxe6 20. Qxe6+ Kb8 21. Na4 Qa5 22. Qxe7 Rxd1+ 23. Rxd1 Qxa4 24. Qxh7 Re8 25. Qxf5 Qc4 26. h4 Re2 27. h5 Bc8 28. Qg6 Qc5 29. h6 Bf5 30. Qg8+ Ka7 31. Qf7+ Kb6 32. Qb3+ Ka5 33. Rc1 Rxf2 34. Qb8 Bxc2+ 35. Ka1 Ka4 36. Rh1 Qc4 37. b3+ Bxb3 38. Qb4+ Qxb4 39. axb4 Ka3 40. Kb1 Bc2+ 41. Kc1 Bh7 42. Rh4 Kb3 43. Kd1 Rg2 44. Rf4 Rxg3 45. Rf7 Bc2+ 46. Kd2 Rg2+ 47. Ke3 Kxb4 48. Rb7+ Kc5 49. Rb2 Rg3+ 50. Kf4 Rc3 51. Ra2 Kb6 52. Rb2+ Kc7 53. Ra2 Rc4+ 54. Ke5 Rc5+ 55. Kd4 Rd5+ 56. Kc3 Bg6 57. Rg2 Rd6 58. Rg1 a5 59. Rg5 Kb6 60. Rg4 Kb5 61. Kb2 c5 62. Ka3 Bh7 63. Rh4 Rd3+ 64. Kb2 c4 65. Rf4 Rd6 0-1

[Event "22nd Rochefort Festival Masters 2024"]
[Site "Rochefort"]
[Date "2024.02.23"]
[Round "9.1"]
[White "Mullon, Jean-Baptiste"]
[Black "Sivuk, Vitaly"]
[Result "0-1"]
[ECO "B17"]
[WhiteElo "2305"]
[BlackElo "2502"]
[Annotator "TA"]
[PlyCount "80"]
[EventDate "2024.02.18"]
[EventType "swiss"]
[EventCountry "FRA"]
[SourceTitle "playchess.com"]
[Source "ChessBase"]
[SourceQuality "1"]
[TimeControl "40/5400+30:1800+30"]

1. e4 c6 2. d4 d5 3. Nc3 dxe4 4. Nxe4 Nd7 5. Bc4 Ngf6 6. Nxf6+ Nxf6 7. c3 Qc7 8. Qe2 Bg4 9. f3 Bf5 10. g4 Bd7 {[%emt 0:01:30] The position is equal.} 11. Nh3 Nd5 {[%emt 0:00:30] Prevents Bf4} 12. Bb3 (12. Bd2 $11) 12... h5 $1 $15 13. Ng5 e6 14. Bd2 Be7 15. Bxd5 (15. O-O-O $11) 15... cxd5 $17 (15... exd5 16. O-O-O $15) 16. O-O-O a5 ({Black should play} 16... Qb6 17. h4 Qa6 18. Qxa6 bxa6) 17. Kb1 b5 18. h4 Qc4 19. Qe3 b4 20. Rhe1 b3 (20... Bf6 $17 21. Nh3 Bxh4) 21. Bc1 bxa2+ 22. Ka1 Ra6 23. Qf4 f6 24. Nh3 a4 {[%emt 0:00:30] Threatens to win with ...Rb6.} 25. Qb8+ (25. gxh5 $15 a3 (25... Rxh5 26. Qg4 $11) 26. Qb8+ Bc8 27. h6) 25... Bd8 ({Better is} 25... Bc8 $17 {Strongly threatening ...hxg4.} 26. gxh5 a3 (26... Rxh5 27. Qg3 $11)) 26. Nf4 {[%emt 0:00:00] [#]} (26. Qg3 $11 {keeps the balance.} hxg4 (26... a3 27. gxh5 Ba5 28. Qxg7 $11) 27. Qxg4) 26... a3 $1 $36 {[%emt 0:01:00][%mdl 2560] Keeping White busy.} 27. Qb7 (27. gxh5 axb2+) 27... Rd6 {[%emt 0:00:00] Some like it hot} (27... axb2+ 28. Bxb2 hxg4 29. fxg4 Rxh4 30. Nxd5 $19) (27... hxg4 $142 28. fxg4 axb2+ (28... Rxh4 29. Nxd5 axb2+ 30. Bxb2 $19) 29. Bxb2 Rxh4 30. Nxd5 Qc6 (30... Rxg4 31. Ne3 $16) 31. Qxc6 Rxc6) 28. gxh5 axb2+ 29. Bxb2 Rh7 30. h6 Rxh6 $19 (30... gxh6 31. Nxe6 Qc6 32. Nxd8+ Kxd8 33. Qb8+ Bc8 34. Rg1 $14 (34. Kxa2 $2 Rb7 $19)) 31. Nxe6 (31. h5 $142) 31... Rxe6 ({Worse is} 31... Bxe6 32. Qxg7 Rxh4 33. Qg3 $16) 32. Rxe6+ Bxe6 33. Re1 f5 34. Qxg7 Rf6 {[%emt 0:00:00] ...Qd3 is the strong threat.} ({Inferior is} 34... Rxh4 35. Rxe6+) 35. h5 {[%emt 0:00:00] [#] Hoping for h6.} Qc7 $1 36. Qh8+ Kd7 37. h6 Qg3 {[%emt 0:01:00][%csl LRe1,LRf3] Prevents h7} 38. Rh1 {[%emt 0:00:00] aiming for h7.} Qg2 39. Rh5 (39. Re1 $19 Bg8 (39... Qxf3 40. h7 $11) (39... Qg8 $2 40. Qxg8 Bxg8 41. Bc1 $19) 40. Ba3) 39... Bf7 40. Qh7 Be7 {[%emt 0:00:30] Weighted Error Value: White=0.41/Black=0.17 (very precise) .  Mistake:       	White=7     	Black=4      Inaccurate:     	White=2     	Black=1      OK:         	White=8     	Black=7      Best:        	White=3     	Black=6      Strong:       	---       	Black=2      Brilliant:      	---       	Black=1} 0-1

[Event "22nd Rochefort Festival Masters 2024"]
[Site "Rochefort"]
[Date "2024.02.23"]
[Round "9.3"]
[White "Romanov, Evgeny"]
[Black "Dalaud, Dorian"]
[Result "1-0"]
[ECO "B20"]
[WhiteElo "2578"]
[BlackElo "2329"]
[Annotator "TA"]
[PlyCount "49"]
[EventDate "2024.02.18"]
[EventType "swiss"]
[EventCountry "FRA"]
[SourceTitle "playchess.com"]
[Source "ChessBase"]
[SourceQuality "1"]
[TimeControl "40/5400+30:1800+30"]

1. e4 c5 2. b3 g6 3. Bb2 Nf6 4. e5 Nd5 5. e6 f6 6. exd7+ Qxd7 7. h4 Nc6 8. h5 {[%emt 0:00:30] Black is slightly better.} g5 9. Bc4 Qd6 10. Nc3 Nxc3 11. dxc3 Qe5+ (11... Qxd1+ {simplifies} 12. Rxd1 Bf5 13. Bd3 Bxd3 14. Rxd3 e6) 12. Qe2 Bg4 (12... Qxe2+ {simplifies} 13. Bxe2 Bd7 14. O-O-O O-O-O) 13. f3 Bd7 (13... Qxe2+ {simplifies} 14. Nxe2 Bd7 15. Bb5 g4) 14. O-O-O O-O-O ({Black should play} 14... Qxe2 $11 15. Bxe2 O-O-O) 15. Qf2 $14 g4 16. Kb1 {[%emt 0:00:30] Active counter play!} Bh6 17. Ne2 gxf3 18. gxf3 Bf5 (18... Be3 $14 19. Qf1 Bf5) 19. f4 $1 $16 Bxc2+ $2 {[%emt 0:00:30] Loses the game.} 20. Kxc2 $18 Qe4+ {[%emt 0:00:00] [#]} 21. Kc1 $1 e5 22. Qh4 (22. Qxc5 $2 {loses.} exf4 23. Ba3 (23. Rxd8+ $2 Rxd8 24. Ba1 f3+ $19) 23... f3+ $19) 22... Rhf8 {[%emt 0:00:00][%cal Re5f4] [#]} 23. Qh3+ $1 {[%emt 0:00:00] White is clearly winning.} Kb8 24. Bd3 Bxf4+ 25. Kc2 {[%emt 0:02:30] Weighted Error Value: White=0.11 (very precise) /Black=0.49.  Mistake:       	---       	Black=3      Inaccurate:     	White=1     	Black=5      OK:         	White=6     	Black=6      Best:        	White=1     	---        Strong:       	White=3     	---} 1-0

[Event "22nd Rochefort Festival Masters 2024"]
[Site "Rochefort"]
[Date "2024.02.23"]
[Round "9.4"]
[White "Roshka, Yevgeniy"]
[Black "Song, Yuxin"]
[Result "1/2-1/2"]
[ECO "E04"]
[WhiteElo "2474"]
[BlackElo "2405"]
[Annotator "TA"]
[PlyCount "47"]
[EventDate "2024.02.18"]
[EventType "swiss"]
[EventCountry "FRA"]
[SourceTitle "playchess.com"]
[Source "ChessBase"]
[SourceQuality "1"]
[TimeControl "40/5400+30:1800+30"]

1. d4 Nf6 2. c4 e6 3. g3 d5 4. Nf3 dxc4 5. Bg2 c5 6. O-O Nc6 7. dxc5 Qxd1 8. Rxd1 Bxc5 9. Nbd2 c3 10. bxc3 O-O 11. Nb3 Be7 12. c4 Bd7 13. Bb2 Rfd8 14. Nfd4 Rac8 15. Rac1 {[%emt 0:00:00] White has an edge.} b6 16. Nb5 a5 17. a4 Be8 18. h3 Rxd1+ 19. Rxd1 Nb4 20. Rc1 Na2 21. Ra1 {[%emt 0:00:00] [#] Hoping for c5.} Nb4 22. Rc1 Na2 23. Ra1 {[%emt 0:00:00] Threatens to win with c5.} Nb4 24. Rc1 {[%emt 0:00:00] A rather calm draw.   Weighted Error Value: White=0.10 (very precise) /Black=0.10 (very precise) .  Inaccurate:     	White=2     	---        OK:         	White=6     	Black=7} 1/2-1/2